 Dungeon Crawl Stone Soup version 0.25-a0-860-gf695395b5c (webtiles) character file.

Game seed: 18043854049442220310, levelgen mode: deterministic

82 Conn the Magician (level 4, -2/27 HPs)
             Began as an Octopode Wizard on Apr 29, 2020.
             Killed by divine providence
             ... invoked by an orc priest
              (12 damage)
             ... on level 3 of the Dungeon.
             The game lasted 00:06:33 (2571 turns).

Conn the Magician (Octopode Wizard)                 Turns: 2571, Time: 00:06:34

Health: -2/27      AC:  8    Str:  6    XL:     4   Next: 43%
Magic:  10/10      EV: 13    Int: 21    God:
Gold:   47         SH:  0    Dex: 10    Spells: 6/11 levels left

rFire    . . .     SeeInvis .   j - +1 mace (protect)
rCold    . . .     Gourm    .   (no shield)
rNeg     . . .     Faith    .   a - +0 hat
rPois    +         Spirit   .   (no amulet)
rElec    .         Reflect  .   k - ring of poison resistance
rCorr    .         Harm     .   (no ring)
MR       .....                  (no ring)
Stlth    +++.......             (no ring)
HPRegen  0.09/turn              (no ring)
MPRegen  0.12/turn              (no ring)
                                (no ring)
                                (no ring)

@: protection aura
A: almost no armour, stealthy swim, amphibious, 8 rings, constrict 8, camouflage
1, gelatinous body 1
a: no special abilities


You were on level 3 of the Dungeon.
You were not hungry.

You visited 1 branch of the dungeon, and saw 3 of its levels.

You collected 47 gold pieces.

Inventory:

Hand Weapons
 j - a +1 mace of protection (weapon)
Armour
 a - a +0 hat (worn)
Jewellery
 k - a ring of poison resistance (left tentacle)
Wands
 m - a wand of iceblast (14)
Scrolls
 b - a scroll of fear
 d - a scroll of blinking {unknown}
 e - 2 scrolls of amnesia
 h - 2 scrolls of fog
 l - a scroll of identify
 n - a scroll of enchant armour {unknown}
Potions
 f - a potion of berserk rage {unknown}
Comestibles
 c - 5 rations
 g - 3 chunks of flesh


   Skills:
 + Level 0.1 Maces & Flails
 + Level 2.2 Dodging
 + Level 2.8 Stealth
 * Level 4.1 Spellcasting
 * Level 2.3 Conjurations
 + Level 1.0 Summonings
 + Level 1.0 Translocations


You had 6 spell levels left.
You knew the following spells:

 Your Spells              Type           Power        Failure   Level  Hunger
a - Magic Dart            Conj           ##..         4%          1    None
b - Blink                 Tloc           N/A          12%         2    #......
c - Call Imp              Summ           #.......     12%         2    #......

Your spell library contained the following spells:

 Spells                   Type           Power        Failure   Level  Hunger
 Slow                     Hex            #.......     19%         2    #......
 Conjure Flame            Conj/Fire      #.......     22%         3    ###....
 Mephitic Cloud           Conj/Pois/Air  #.......     26%         3    ###....


Dungeon Overview and Level Annotations

Branches:
Dungeon (3/15)

Altars:
Dithmenos


Innate Abilities, Weirdness & Mutations

You cannot wear most types of armour.
You are very stealthy in the water. (Stealth+)
You are amphibious.
You can wear up to eight rings at the same time.
You can use your tentacles to constrict eight enemies at once.
Your skin changes colour to match your surroundings (Stealth+).
Your rubbery body absorbs attacks. (AC +1, EV +1)


Message History

You barely miss the orc priest. Your grab misses the orc priest.
The orc priest barely misses you.
You hit the orc priest.
Your weapon exudes an aura of protection.
You grab the orc priest.
The orc priest is moderately wounded.
You constrict the orc priest, but do no damage.
The orc priest calls upon Beogh to heal something.
The orc priest enters a dispersal trap!
The orc priest blinks free!
You blink.
You hit the orc priest but do no damage.
You grab the orc priest.
The orc priest is moderately wounded.
You constrict the orc priest, but do no damage.
The orc priest hits you with a +0 club. x2
You hit the orc priest.
The orc priest is moderately wounded.
You constrict the orc priest.
The orc priest mumbles some strange prayers to Beogh against you.
Beogh smites you!
You die...

#.#)#.o...#.##....#
#.#.#.#.#.#.###....#
#..<..#.#### #....#
## #######)# #....#
#. #.# ###### #(
######.# #. #.[.##.#
#.#####.#.##.#
#..o..o.#.o@.#
#######.###### ###


You could see an orc priest.

Vanquished Creatures
  A gnoll (D:2)
  An adder (D:2)
  An ooze (D:3)
  2 leopard geckos
  2 orcs (D:3)
  4 bats
  2 giant cockroaches
  7 goblins
  5 hobgoblins
  5 frilled lizards
  A kobold (D:2)
  5 rats
36 creatures vanquished.

Vanquished Creatures (collateral kills)
  2 gnolls (D:2)
  An adder (D:2)
  A dart slug (D:2)
  A rat (D:2)
5 creatures vanquished.

Grand Total: 41 creatures vanquished

Notes
Turn   | Place    | Note
-------+----------+-------------------------------------------
     0 | D:1      | Conn the Octopode Wizard began the quest for the Orb.
     0 | D:1      | Reached XP level 1. HP: 11/11 MP: 4/4
   592 | D:1      | Reached XP level 2. HP: 7/17 MP: 0/6
   788 | D:1      | Learned a level 2 spell: Blink
   791 | D:1      | Learned a level 2 spell: Call Imp
  1468 | D:2      | Reached XP level 3. HP: 21/21 MP: 4/8
  1683 | D:2      | Found a faded altar of an unknown god.
  1723 | D:2      | Reached XP level 4. HP: 20/27 MP: 9/9
  2388 | D:3      | Reached skill level 4 in Spellcasting
  2442 | D:3      | Found a shadowy altar of Dithmenos.
  2571 | D:3      | Killed from afar by an orc priest

Levels and vault maps discovered:
D:1:      dpeg_arrival_shrine, layout_basic
D:2:      layout_loops_ring, chequers_ecumenical_altar_simple_redux,
          first_ration, corexii_item_surrounded_by_moat
D:3:      layout_basic, nicolae_dithmenos_through_a_glass_darkly, serial_glass,
          glass_columns_a, glass_columns_a, glass_columns_a,
          due_unseen_surprise, item_on_display_a, minmay_strange_pillars,
          item_on_display_a

Skill      XL: |  1  2  3  4 |
---------------+-------------+-----
Conjurations   | 2 |  2.3
Spellcasting   | 4 |  4.1
Maces & Flails | |  0.1
Dodging        | |  2.2
Stealth        | |  2.8
Summonings     | |  1.0
Translocations | |  1.0

Action                   |  1- 3 |  4- 6 || total
-------------------------+-------+-------++-------
Melee: Unarmed           |     4 |       ||     4
       Constrict         |     2 |    11 ||    13
       Tentacles         |     2 |     3 ||     5
       Mace              |     9 |    38 ||    47
 Cast: Magic Dart        |    48 |    16 ||    64
       Call Imp          |     3 |       ||     3
       Blink             |       |     5 ||     5
  Use: Scroll            |       |     6 ||     6
 Stab: Sleeping          |     1 |     1 ||     2
  Eat: Chunk             |     2 |     3 ||     5
Armor: Skin              |    13 |     6 ||    19
Dodge: Dodged            |    26 |    24 ||    50

Table legend:
 A = Non-vault XP
 B = Vault XP
 C = Vault XP percentage of total XP
 D = Non-vault monster count
 E = Vault monster count
 F = Vault count percentage of total count
                 A         B        C        D         E       F
            +---------+---------+-------+---------+---------+-------
      Total |     118 |       0 |   0.0 |      41 |       0 |   0.0
            +---------+---------+-------+---------+---------+-------
        D:1 |      20 |       0 |   0.0 |      12 |       0 |   0.0
        D:2 |      78 |       0 |   0.0 |      22 |       0 |   0.0
        D:3 |      20 |       0 |   0.0 |       7 |       0 |   0.0
            +---------+---------+-------+---------+---------+-------
